 Dungeon Crawl Stone Soup version 0.24-a0-115-gd155597 (console) character file.

Game seed: 4882799413395550805

998 Duffy the Cleaver (level 8, -6/67 HPs)
             Began as a Naga Gladiator on Feb 16, 2019.
             Mangled by Duvessa
             ... wielding a +0 short sword of draining
              (8 damage)
             ... on level 7 of the Dungeon.
             The game lasted 00:03:13 (2605 turns).

Duffy the Cleaver (Naga Gladiator)                  Turns: 2605, Time: 00:03:14

Health: -6/67      AC: 11    Str: 18    XL:     8   Next: 19%
Magic:  8/8        EV:  7    Int: 10    God:
Gold:   143        SH:  0    Dex: 12    Spells: 7/7 levels left

rFire    . . .     SeeInvis +   x - +1 war axe (freeze)
rCold    . . .     Gourm    .   (no shield)
rNeg     . . .     Faith    .   p - +0 scale mail
rPois    +         Spirit   .   c - +0 helmet
rElec    .         Reflect  .   (no cloak)
rCorr    .         Harm     .   s - +0 pair of gloves
MR       +....                  (no barding)
Stlth    ..........             (no amulet)
HPRegen  0.21/turn              k - +4 ring of protection
MPRegen  0.11/turn              (no ring)

@: short of breath, very heavily drained, very slow
A: large, see invisible, deformed body, poison resistance, slowness 2, slow
metabolism 1, spit poison 1, AC +2
a: Spit Poison


You were on level 7 of the Dungeon.
You were not hungry.

You visited 1 branch of the dungeon, and saw 7 of its levels.

You collected 143 gold pieces.

Inventory:

Hand Weapons
 a - a +0 war axe
 o - a +0 trident of venom
 x - a +1 war axe of freezing (weapon)
Missiles
 d - 3 throwing nets (quivered)
Armour
 b - a +0 leather armour
 c - a +0 helmet (worn)
 m - a +0 chain mail
 p - a +0 scale mail (worn)
 s - a +0 pair of gloves (worn)
Jewellery
 k - a +4 ring of protection (left hand)
Scrolls
 e - 2 scrolls of remove curse {unknown}
 h - a scroll of immolation {unknown}
 i - a scroll of enchant weapon {unknown}
 j - 3 scrolls of identify {unknown}
 r - a scroll of random uselessness {unknown}
Potions
 g - 2 potions of lignification {unknown}
 l - a potion of magic {unknown}
 n - a potion of mutation {unknown}
 q - 2 potions of degeneration {unknown}
 t - a potion of brilliance {unknown}
 u - a potion of berserk rage {unknown}
 v - a potion of heal wounds {unknown}
 w - a potion of experience {unknown}
Comestibles
 f - 6 rations


   Skills:
 - Level 2.0(0.0) Fighting
 + Level 9.7(5.9) Axes
 - Level 1.7(0.0) Throwing
 - Level 2.4(0.0) Dodging


You had 7 spell levels left.
You didn't know any spells.
Your spell library was empty.

Dungeon Overview and Level Annotations

Branches:
Dungeon (7/15)
 Temple: D:4-7

Altars:
Cheibriados
Dithmenos
Qazlal
Sif Muna
Uskayaw

Annotations:
D:4 Edmund
D:5 exclusion: upstairs
D:7 Duvessa


Innate Abilities, Weirdness & Mutations

You cannot wear boots.
Your serpentine skin is tough. (AC +2)
You have supernaturally acute eyesight. (SInv)
Armour fits poorly on your strangely shaped body.
Your system is resistant to poisons. (rPois)
You cover ground very slowly.
You have a slow metabolism.
You can spit poison.


Message History

You are too injured to fight recklessly!
You are too injured to fight recklessly!
You hit Duvessa but do no damage.
Duvessa is moderately wounded.
Duvessa hits you with a +0 short sword of draining!
You feel drained.
Duvessa hits you with a +0 short sword of draining.
You feel drained.
Press: ? - help, Shift-Dir - straight line, f - Duvessa
Aim: Duvessa, wielding a +0 short sword of draining and wearing a +0 scale mail (moderately wounded, berserk, fast, unusually strong)
The splash of poison hits Duvessa!
Duvessa is poisoned.
Duvessa is heavily wounded.
You feel slightly more hungry. Duvessa hits you but does no damage.
You feel drained.
You closely miss Duvessa.
Duvessa is heavily wounded.
Duvessa hits you with a +0 short sword of draining!
You feel drained.
Duvessa hits you with a +0 short sword of draining!
You die...

......##..#.........#
......#...'.........#
###+..##..#.(.......#
##..#'###+#.........#
.#..#_#.....####....#
.#..###.....# #....#
.'....#.....+ +%...#
#######.....# #....+
#......%....# #.@..#
#......###### #.e).#
.......# +....#
.......# #....#
.......# #....#
.......# #....#
.......# #....#
.......# #....#
...#+###


You could see Duvessa (berserk).

Vanquished Creatures
  A sky beast (D:6)
  A centaur (D:5)
  A big kobold (D:6)
  Blork the orc (D:4)
  A bullfrog (D:6)
  Dowan (D:7)
  A scorpion (D:6)
  2 howler monkeys
  3 centaur zombies
  2 crimson imps
  A hound (D:6)
  An orc priest (D:5)
  A bullfrog skeleton (D:7)
  An orc wizard (D:5)
  2 iguanas
  A worker ant (D:4)
  A worker ant zombie (D:5)
  3 adders
  An adder zombie (D:6)
  A worm (D:5)
  2 dart slugs
  A leopard gecko (D:6)
  4 orcs
  A giant cockroach (D:2)
  4 goblins
  3 hobgoblins
  6 jackals
  A quokka (D:7)
  2 bats
  5 kobolds
  2 rats (D:1)
58 creatures vanquished.

Notes
Turn   | Place    | Note
-------+----------+-------------------------------------------
     0 | D:1      | Duffy the Naga Gladiator began the quest for the Orb.
     0 | D:1      | Reached XP level 1. HP: 19/19 MP: 1/1
    17 | D:1      | Reached XP level 2. HP: 22/26 MP: 2/2
   212 | D:2      | Noticed a howler monkey
   216 | D:2      | Killed a howler monkey
   216 | D:2      | Reached skill level 4 in Axes
   216 | D:2      | Reached XP level 3. HP: 26/32 MP: 3/3
   424 | D:2      | Found a deep blue altar of Sif Muna.
   498 | D:3      | Reached XP level 4. HP: 31/39 MP: 4/4
   625 | D:4      | Noticed Blork the orc
   635 | D:3      | Reached skill level 5 in Axes
   800 | D:4      | Killed Blork the orc
   800 | D:4      | Reached XP level 5. HP: 31/45 MP: 5/5
   835 | D:4      | Reached skill level 6 in Axes
  1026 | D:5      | Entered Level 5 of the Dungeon
  1026 | D:5      | Noticed a centaur
  1033 | D:5      | Killed a centaur
  1033 | D:5      | Reached XP level 6. HP: 17/52 MP: 6/6
  1327 | D:5      | Reached skill level 7 in Axes
  1563 | D:4      | Noticed Edmund
  1565 | D:4      | Noticed a two-headed ogre
  1831 | D:5      | Reached XP level 7. HP: 59/60 MP: 7/7
  1870 | D:6      | Reached skill level 8 in Axes
  2006 | D:6      | Reached skill level 9 in Axes
  2034 | D:6      | Reached XP level 8. HP: 22/67 MP: 8/8
  2542 | D:7      | Found a snail-covered altar of Cheibriados.
  2549 | D:7      | Found a stormy altar of Qazlal.
  2552 | D:7      | Found a hide-covered altar of Uskayaw.
  2553 | D:7      | Found a shadowy altar of Dithmenos.
  2593 | D:7      | Noticed Dowan
  2593 | D:7      | Noticed Duvessa
  2600 | D:7      | Killed Dowan
  2605 | D:7      | HP: 2/67 [Duvessa/+0 short sword of draining (4)]
  2605 | D:7      | Mangled by Duvessa

Levels and vault maps discovered:
D:1:      dpeg_arrival_lava_altar, layout_rooms
D:2:      layout_loops_ring, lemuel_blue_sif_altar, first_ration,
          glass_columns_b, ashenzari_altar_1
D:3:      layout_rooms, fedhas_altar_3
D:4:      layout_basic, amethyst_killhole, uniq_edmund, uniq_menkaure,
          uniq_blork_the_orc
D:5:      layout_basic, minmay_temple_entry_gardened_gates
D:6:      layout_loops_cross
D:7:      layout_gridville, kennysheep_mini, nicolae_overflow_hidden_temple,
          uniq_duvessa, uniq_pikel

Skill      XL: |  1  2  3  4  5  6  7 |
---------------+----------------------+-----
Axes           | 4 5 6 7 9 |  9.7
Fighting       | |  2.0
Throwing       | |  1.7
Dodging        | |  2.4

Action                   |  1- 3 |  4- 6 |  7- 9 || total
-------------------------+-------+-------+-------++-------
Melee: War axe           |    29 |    97 |    89 ||   215
 Abil: Spit Poison       |     2 |    11 |     8 ||    21
  Eat: Chunk             |       |     3 |     2 ||     5
Armor: Leather armour    |     9 |    19 |       ||    28
       Scale mail        |       |    33 |    60 ||    93
       Chain mail        |       |     3 |       ||     3
Dodge: Dodged            |    17 |    55 |    48 ||   120

Table legend:
 A = Non-vault XP
 B = Vault XP
 C = Vault XP percentage of total XP
 D = Non-vault monster count
 E = Vault monster count
 F = Vault count percentage of total count
                 A         B        C        D         E       F
            +---------+---------+-------+---------+---------+-------
      Total |    1259 |     168 |  11.8 |      56 |       2 |   3.4
            +---------+---------+-------+---------+---------+-------
        D:1 |      12 |       0 |   0.0 |       6 |       0 |   0.0
        D:2 |      60 |       0 |   0.0 |       5 |       0 |   0.0
        D:3 |      54 |       0 |   0.0 |       6 |       0 |   0.0
        D:4 |      33 |      96 |  74.4 |       1 |       1 |  50.0
        D:5 |     367 |       0 |   0.0 |      17 |       0 |   0.0
        D:6 |     685 |       0 |   0.0 |      17 |       0 |   0.0
        D:7 |      48 |      72 |  60.0 |       4 |       1 |  20.0
            +---------+---------+-------+---------+---------+-------
